 Dungeon Crawl Stone Soup version 0.17.1-2-g5865329 (webtiles) character file.

49 Moresty the Shooter (level 3, 0/29 HPs)
             Began as a Centaur Hunter on Jan 12, 2016.
             Succumbed to an adder's poison
             ... on level 4 of the Dungeon.
             The game lasted 00:04:46 (2114 turns).

Moresty the Shooter (Centaur Hunter)                Turns: 2114, Time: 00:04:46

Health: 0/29       AC:  4    Str: 15    XL:     3   Next: 53%
Magic:  3/3        EV:  9    Int: 10    God:
Gold:   87         SH:  0    Dex:  9    Spells: 0 memorised, 2 levels left

rFire  . . .     SeeInvis .     a - +1 shortbow
rCold  + . .     Clarity  .     c - +0 leather armour
rNeg   . . .     SustAt   .     (shield currently unavailable)
rPois  .         Gourm    .     (no helmet)
rElec  .         Spirit   .     (no cloak)
rCorr  .         Warding  .     (no gloves)
rMut   .         Stasis   .     (no barding)
MR     .....                    (no amulet)
Stlth  +.........               s - ring of protection from fire
                                z - ring of ice

@: lethally poisoned (0 -> -7), very quick, not resistant to hostile
enchantments, very unstealthy
A: hooves 3, deformed body, speed 2, tough skin 3
a: no special abilities


You were on level 4 of the Dungeon.
You were not hungry.

You visited 1 branch of the dungeon, and saw 4 of its levels.

You collected 87 gold pieces.

Inventory:

Hand Weapons
 a - a +1 shortbow (weapon)
 b - a +0 short sword
Missiles
 d - 9 arrows (quivered)
 k - 13 arrows of frost
Armour
 c - a +0 leather armour (worn)
Jewellery
 o - an uncursed ring of wizardry
 s - a ring of protection from fire (right hand)
 z - a ring of ice (left hand)
Scrolls
 f - 3 scrolls of enchant armour {unknown}
 g - a scroll of teleportation {unknown}
 i - a scroll of recharging {unknown}
 j - a scroll of fear {unknown}
 m - a scroll of blinking {unknown}
 p - a scroll of enchant weapon {unknown}
 q - a scroll of random uselessness {unknown}
 u - a scroll of fog {unknown}
 x - 2 scrolls of remove curse {unknown}
 y - a scroll of identify {unknown}
Potions
 h - a potion of brilliance {unknown}
 n - a potion of cancellation {unknown}
 r - 3 potions of invisibility {unknown}
 w - a potion of lignification {unknown}
Comestibles
 e - 3 bread rations
 l - 2 beef jerkies
 t - a meat ration


   Skills:
 + Level 2.1 Fighting
 + Level 6.6 Bows
 + Level 0.4 Armour
 + Level 1.5 Dodging
 + Level 0.5 Stealth


You had 2 spell levels left.
You didn't know any spells.

Dungeon Overview and Level Annotations

Branches:
Dungeon (4/15)
 Temple: D:4-7

Altars:

Annotations:
D:3 Sigmund


Innate Abilities, Weirdness & Mutations

You have hooves in place of feet.
Armour fits poorly on your strangely shaped body.
You cover ground very quickly.
You have extremely tough skin (AC +3).


Message History

You shoot an arrow. The arrow barely misses the adder.
You feel sick. The bat hits you but does no damage. The adder bites you.
The rat barely misses you. x2
The kobold barely misses you.
You can't go up here!
The adder bites you.
* * * LOW HITPOINT WARNING * * *
You are lethally poisoned!
The adder poisons you! The rat bites you.
* * * LOW HITPOINT WARNING * * *
The bat hits you but does no damage.
Sigmund gestures wildly while chanting.
Sigmund flickers and vanishes!
Deactivating autopickup; reactivate with Ctrl-A.
The rat bites you but does no damage. The kobold hits you with a short sword.
* * * LOW HITPOINT WARNING * * *
The adder bites you.
* * * LOW HITPOINT WARNING * * *
You climb downwards.
You die...

#
#############....
.......rS@rK....#
......#######.#..
..... .... ... ..
.


You could see an adder, a kobold and 2 rats.

Vanquished Creatures
  2 adders (D:2)
  A giant gecko (D:1)
  3 goblins (D:1)
  6 hobgoblins
  4 kobolds
  6 bats (D:1)
  2 giant cockroaches (D:1)
  4 giant newts
  3 rats
31 creatures vanquished.

Notes
Turn   | Place    | Note
--------------------------------------------------------------
     0 | D:1      | Moresty the Centaur Hunter began the quest for the Orb.
     0 | D:1      | Reached XP level 1. HP: 17/17 MP: 1/1
   387 | D:1      | Reached XP level 2. HP: 24/24 MP: 2/2
   484 | D:1      | Reached skill level 6 in Bows
  1175 | D:2      | Reached XP level 3. HP: 10/29 MP: 3/3
  1955 | D:3      | Noticed Sigmund
  2113 | D:3      | HP: 1/29 [adder (2)]
  2114 | D:4      | Succumbed to an adder's poison

Action                   || total
-------------------------++-------
Melee: Shortbow          ||     9
 Fire: Shortbow          ||   105
  Eat: Chunk             ||     2
